 Dungeon Crawl Stone Soup version 0.27.1-33-g824d729ab1 (webtiles) character file.

Game seed: 13371476940180592223

19740 DearestLeader the Slicer (level 12, -16/94 HPs)
             Began as a Gnoll Wanderer on Nov 22, 2021.
             Was a High Priest of Okawaru.
             Demolished by Rupert (43 damage)
             ... on level 3 of the Lair of Beasts on Nov 25, 2021.
             The game lasted 00:37:21 (22072 turns).

DearestLeader the Slicer (Gnoll Wanderer)          Turns: 22072, Time: 00:37:21

Health: -16/94     AC:  9    Str: 18    XL:     12   Next: 72%
Magic:  0/23       EV: 16    Int: 14    God:    Okawaru [*****.]
Gold:   579        SH:  6    Dex: 18    Spells: 15/26 levels left

rFire    . . .     SeeInvis .   b - +5 trident (freeze)
rCold    . . .     Faith    .   H - +0 buckler
rNeg     . . .     Spirit   +   j - +1 leather armour {Will+}
rPois    .         Reflect  .   (no helmet)
rElec    .         Harm     .   u - +0 cloak
rCorr    .         Rampage  .   f - +0 pair of gloves
Will     +....                  l - +0 pair of boots
Stlth    ++++......             I - amulet of guardian spirit
HPRegen  0.25/turn              C - +6 ring of dexterity
MPRegen  0.18/turn              (no ring)

@: very slightly contaminated, invisible
A: fangs 1, strong nose, distributed training, strong 2
a: Renounce Religion, Heroism, Finesse


You were on level 3 of the Lair of Beasts.
You worshipped Okawaru.
Okawaru was extremely pleased with you.
You visited 2 branches of the dungeon, and saw 13 of its levels.

You collected 759 gold pieces.
You spent 180 gold pieces at shops.

Inventory:

Hand Weapons
 b - a +5 trident of freezing (weapon)
 o - a +2 flail of holy wrath
 x - a +2 battleaxe of flaming
 L - a +3 scimitar of flaming
Missiles
 g - 135 poisoned darts
 y - 2 atropa-tipped darts (quivered)
 D - 11 javelins
Armour
 f - a +0 pair of gloves (worn)
 j - a +1 leather armour of willpower (worn)
 k - a +2 tower shield
 l - a +0 pair of boots (worn)
 u - a +0 cloak (worn)
 B - a +0 kite shield
 F - a +1 leather armour of fire resistance
 H - a +0 buckler (worn)
Jewellery
 C - a +6 ring of dexterity (left hand)
 I - an amulet of guardian spirit (around neck)
Wands
 p - a wand of mindburst (12)
 E - a wand of paralysis (21)
 G - a wand of iceblast (22)
Scrolls
 c - 4 scrolls of magic mapping
 d - 3 scrolls of fog
 h - 5 scrolls of teleportation
 m - 2 scrolls of holy word
 n - 2 scrolls of blinking {unknown}
 q - a scroll of enchant weapon {unknown}
 r - 2 scrolls of fear {unknown}
 s - 2 scrolls of enchant armour {unknown}
 v - a scroll of silence {unknown}
 w - a scroll of immolation {unknown}
 A - 2 scrolls of brand weapon
 K - 3 scrolls of amnesia {unknown}
Potions
 e - 3 potions of magic {unknown}
 i - 2 potions of mutation
 t - a potion of resistance
 z - a potion of might
 J - a potion of curing


   Skills:
 + Level 8.9 Fighting
 + Level 10.0 Short Blades
 + Level 7.5 Long Blades
 + Level 8.0 Axes
 + Level 7.5 Maces & Flails
 + Level 7.5 Polearms
 + Level 7.5 Staves
 + Level 7.5 Slings
 + Level 7.5 Bows
 + Level 7.5 Crossbows
 + Level 7.5 Throwing
 + Level 8.0 Armour
 + Level 8.0 Dodging
 + Level 7.5 Stealth
 + Level 8.0 Shields
 + Level 7.5 Unarmed Combat
 + Level 7.5 Spellcasting
 + Level 6.3 Conjurations
 + Level 6.3 Hexes
 + Level 6.3 Summonings
 + Level 6.3 Necromancy
 + Level 6.3 Translocations
 + Level 6.3 Transmutations
 + Level 6.3 Fire Magic
 + Level 6.3 Ice Magic
 + Level 6.3 Air Magic
 + Level 6.3 Earth Magic
 + Level 6.3 Poison Magic
 + Level 8.3 Invocations
 + Level 8.0 Evocations


You had 15 spell levels left.
You knew the following spells:

 Your Spells              Type           Power      Damage    Failure   Level
a - Animate Dead          Necr           11%        N/A       12%         4
b - Vampiric Draining     Necr           11%        2d7       3%          3
c - Fulminant Prism       Conj/Hex       11%        3d9       12%         4

Your spell library contained the following spells:

 Spells                   Type           Power      Damage    Failure   Level
 Tukima's Dance           Hex            22%        N/A       3%          3
 Ice Form                 Ice/Tmut       22%        N/A       12%         4
 Iskenderun's Mystic Bla  Conj/Tloc      22%        2d6       12%         4
 Passage of Golubria      Tloc           N/A        N/A       12%         4
 Borgnjor's Vile Clutch   Necr/Erth      11%        N/A       32%         5
 Freezing Cloud           Conj/Ice/Air   11%        6-21      32%         5
 Iskenderun's Battlesphe  Conj           22%        2d8       32%         5
 Lee's Rapid Deconstruct  Erth           11%        3d9*      32%         5
 Yara's Violent Unravell  Hex/Tmut       11%        3d6       32%         5
 Death Channel            Necr           11%        N/A       87%         6
 Iron Shot                Conj/Erth      11%        9d3       87%         6
 Ozocubu's Refrigeration  Ice            11%        4d7       100%        7
 Spellforged Servitor     Conj/Summ      11%        N/A       100%        7


Dungeon Overview and Level Annotations

Branches:
Dungeon (10/15)              Lair (3/6) D:10         Shoals (0/4) Lair:3
 Spider (0/4) Lair:2
 Temple: D:4-7          Orc: D:9-12

Altars:
Cheibriados
Elyvilon
Fedhas
Nemelex Xobeh
Okawaru
Ru
Sif Muna
Zin
The Shining One

Shops:
D:5 ((

Annotations:
D:10 3 runed translucent doors
Lair:3 3 runed translucent doors, Deed's ghost, journeyman MiFi; Kubamp's ghost, journeyman DEAE; Luuwnalu's ghost, journeyman KoHu; Rupert; Urug; Yjeari's ghost, journeyman GrMo


Innate Abilities, Weirdness & Mutations

You have very sharp teeth.
Your uncanny sense of smell can sniff out nearby items.
Your experience applies equally to all skills.
Your muscles are very strong. (Str +4)


Message History

Press: ? - help, Q - select action, (/) - cycle Shift-Dir - straight line, f/p - Rupert
Aim: Rupert, wielding a +2 vorpal great mace and wearing a +0 scale mail (moderately wounded, poisoned, 71% to hit, chance to blind on hit: 0%)
You throw an atropa-tipped dart. The atropa-tipped dart hits Rupert!
Rupert resists.
Rupert is moderately wounded.
Rupert hits you with a +2 vorpal great mace!!
You hit Rupert. You freeze Rupert.
Rupert is heavily wounded.
You block Rupert's attack.
You hit Rupert but do no damage. You bite Rupert, but do no damage.
Rupert is heavily wounded.
Rupert closely misses you.
You hit Rupert. You freeze Rupert.
Rupert is heavily wounded.
Rupert closely misses you.
You closely miss Rupert.
Rupert is heavily wounded.
You block Rupert's attack.
You puncture Rupert! You freeze Rupert.
Rupert is heavily wounded.
Rupert looks more healthy.
Rupert misses you.
You hit Rupert but do no damage. You bite Rupert, but do no damage.
Rupert is heavily wounded.
You puncture Rupert! You freeze Rupert. You bite Rupert, but do no damage.
Rupert is severely wounded.
Rupert completely misses you.
You hit Rupert. You freeze Rupert.
Rupert is severely wounded.
Rupert roars madly and goes into a rage!
Rupert goes berserk!
You puncture Rupert! You freeze Rupert.
Rupert is severely wounded.
Rupert hits you with a +2 vorpal great mace!
* * * LOW HITPOINT WARNING * * *
Rupert barely misses you.
You fade into invisibility!
Rupert closely misses you.
You are very lightly contaminated with residual magic.
Rupert hits you with a +2 vorpal great mace!!!
You die...

###.....## ##.............#
####...### ##
#P..#..........# #......##.#
##>.##..........#
######...####..##........[.##
##....P#..###........##
###.....## ##..#.####
###....# ##### ###.....##
##....@@(.## ####
#.....###..###P.#####
####...P## ##.(##......##
#.#...P## ##.(........#
##....### ##.........#
###...#..#### ##........#
##....P......#### ###.P#.###
##...............# #.....#
###...###..........# ##..####


You could see Rupert (berserk).

Vanquished Creatures
  Erica (D:10)
  A hydra (Lair:3)
  A catoblepas (Lair:3)
  Pikel (D:5)
  An elephant (D:10)
  A cyclops (D:7)
  A black mamba (Lair:1)
  5 cane toads
  6 komodo dragons
  A kobold demonologist (D:10)
  A polar bear (Lair:1)
  2 jumping spiders (Lair:2)
  3 redbacks (Lair:2)
  A wyvern (Lair:1)
  Sigmund (D:4)
  30 yaks
  4 basilisks
  A vampire mosquito (D:10)
  Eustachio (D:4)
  An acid dragon (D:10)
  8 water moccasins
  An ice beast (D:7)
  4 orc warriors
  A sky beast (D:7)
  3 necrophages
  4 centaurs
  2 ogres (D:6)
  A phantom (D:6)
  18 kobold brigands
  Blork the orc (D:5)
  8 bullfrogs
  3 gnoll sergeants
  3 scorpions
  A wyvern skeleton (D:7)
  A water moccasin skeleton (D:5)
  6 killer bees (D:10)
  4 howler monkeys
  14 wights
  A centaur zombie (D:7)
  2 bullfrog zombies
  4 hounds
  A bullfrog skeleton (D:6)
  Crazy Yiuf (D:3)
  4 jellies
  5 orc priests
  Jessica (D:3)
  A centaur skeleton (D:6)
  An iguana (D:5)
  6 orc wizards
  2 scorpion zombies (D:5)
  Natasha (thrice) (D:3)
  A killer bee zombie (D:6)
  A hound skeleton (D:5)
  3 howler monkey zombies
  4 gnolls
  8 adders
  A white imp (D:6)
  2 worms
  2 dart slugs
  17 orcs
  7 ball pythons
  2 endoplasms
  2 giant cockroaches (D:2)
  8 goblins
  4 hobgoblins
  4 quokkas
  14 bats
  4 frilled lizards
  16 kobolds
  2 rats
281 creatures vanquished.

Vanquished Creatures (others)
  A fulminant prism (Lair:2)
  13 fungi
  23 plants
37 creatures vanquished.

Grand Total: 318 creatures vanquished

Notes
Turn   | Place    | Note
-------+----------+-------------------------------------------
     0 | D:1      | DearestLeader the Gnoll Wanderer began the quest for the
                  | Orb.
     0 | D:1      | DearestLeader set off with the following items: a +0 short
                  | sword, a +0 ring mail, a +2 leather armour
     0 | D:1      | Reached XP level 1. HP: 20/20 MP: 1/1
    14 | D:1      | Found a faded altar of an unknown god.
   166 | D:1      | Reached XP level 2. HP: 26/26 MP: 2/2
   660 | D:1      | Reached XP level 3. HP: 31/31 MP: 3/3
  1076 | D:2      | Reached skill level 1 in Invocations
  1261 | D:2      | Reached skill level 1 in Long Blades
  1261 | D:2      | Reached skill level 1 in Maces & Flails
  1261 | D:2      | Reached skill level 1 in Polearms
  1261 | D:2      | Reached skill level 1 in Staves
  1261 | D:2      | Reached skill level 1 in Slings
  1261 | D:2      | Reached skill level 1 in Bows
  1261 | D:2      | Reached skill level 1 in Crossbows
  1261 | D:2      | Reached skill level 1 in Throwing
  1261 | D:2      | Reached skill level 1 in Stealth
  1261 | D:2      | Reached skill level 1 in Unarmed Combat
  1261 | D:2      | Reached skill level 1 in Spellcasting
  1993 | D:3      | Reached XP level 4. HP: 38/38 MP: 5/5
  2314 | D:3      | Noticed Jessica
  2328 | D:3      | Reached skill level 1 in Conjurations
  2328 | D:3      | Reached skill level 1 in Hexes
  2328 | D:3      | Reached skill level 1 in Summonings
  2328 | D:3      | Reached skill level 1 in Necromancy
  2328 | D:3      | Reached skill level 1 in Translocations
  2328 | D:3      | Reached skill level 1 in Transmutations
  2328 | D:3      | Reached skill level 1 in Fire Magic
  2328 | D:3      | Reached skill level 1 in Ice Magic
  2328 | D:3      | Reached skill level 1 in Air Magic
  2328 | D:3      | Reached skill level 1 in Earth Magic
  2328 | D:3      | Reached skill level 1 in Poison Magic
  2335 | D:3      | Killed Jessica
  2336 | D:3      | Reached XP level 5. HP: 35/43 MP: 5/7
  2459 | D:3      | Found a runed translucent door.
  2460 | D:3      | Noticed Crazy Yiuf
  2928 | D:4      | Noticed Natasha
  2954 | D:3      | Killed Natasha
  2988 | D:3      | Noticed Natasha
  3015 | D:3      | Gained mutation: Your magical capacity is low. (-10% MP)
                  | [potion of mutation]
  3015 | D:3      | Gained mutation: Your muscles are strong. (Str +2) [potion
                  | of mutation]
  3015 | D:3      | Gained mutation: You do not regenerate when monsters are
                  | visible. [potion of mutation]
  3015 | D:3      | HP: 1/64 [Natasha (4)]
  3018 | D:3      | Killed Natasha
  3146 | D:3      | Noticed Natasha
  3197 | D:3      | Killed Natasha
  3281 | D:3      | Lost mutation: Your magical capacity is low. (-10% MP)
                  | [potion of mutation]
  3281 | D:3      | Lost mutation: You do not regenerate when monsters are
                  | visible. [potion of mutation]
  3281 | D:3      | Gained mutation: Your muscles are very strong. (Str +4)
                  | [potion of mutation]
  3427 | D:4      | Noticed Eustachio
  3505 | D:4      | Noticed Sigmund
  3585 | D:4      | Killed Eustachio
  3586 | D:4      | Reached skill level 5 in Fighting
  3586 | D:4      | Reached XP level 6. HP: 26/51 MP: 7/9
  4221 | D:3      | Killed Crazy Yiuf
  4459 | D:4      | Killed Sigmund
  4460 | D:4      | Reached skill level 7 in Short Blades
  4460 | D:4      | Reached XP level 7. HP: 54/56 MP: 10/10
  4536 | D:4      | Found a sacrificial altar of Ru.
  4730 | D:5      | Entered Level 5 of the Dungeon
  4780 | D:5      | Found a blossoming altar of Fedhas.
  5133 | D:5      | Found Kolla's Antique Weapon Shop.
  5162 | D:5      | Bought a glowing battleaxe for 180 gold pieces
  5259 | D:5      | Noticed Pikel
  5286 | D:5      | Killed Pikel
  5287 | D:5      | Reached XP level 8. HP: 9/64 MP: 12/12
  5570 | D:5      | Noticed Blork the orc
  5575 | D:5      | Killed Blork the orc
  5991 | D:5      | Found Ciohaesk's Weapon Shoppe.
  6477 | D:5      | Found a shimmering blue altar of Sif Muna.
  6632 | D:5      | Reached XP level 9. HP: 60/69 MP: 14/14
  7492 | D:6      | Found a snail-covered altar of Cheibriados.
  7715 | D:6      | Reached skill level 5 in Axes
  7715 | D:6      | Reached skill level 5 in Armour
  7715 | D:6      | Reached skill level 5 in Dodging
  7715 | D:6      | Reached skill level 5 in Shields
  7715 | D:6      | Reached skill level 5 in Evocations
  8611 | D:6      | Reached skill level 8 in Short Blades
  9077 | D:7      | Noticed a cyclops
  9290 | D:7      | Reached skill level 5 in Invocations
  9967 | D:7      | Found an iron altar of Okawaru.
 10001 | D:7      | Killed a cyclops
 10002 | D:7      | Reached XP level 10. HP: 23/77 MP: 15/17
 10293 | D:7      | Became a worshipper of Warmaster Okawaru
 10646 | D:7      | Reached skill level 5 in Long Blades
 10646 | D:7      | Reached skill level 5 in Maces & Flails
 10646 | D:7      | Reached skill level 5 in Polearms
 10646 | D:7      | Reached skill level 5 in Staves
 10646 | D:7      | Reached skill level 5 in Slings
 10646 | D:7      | Reached skill level 5 in Bows
 10646 | D:7      | Reached skill level 5 in Crossbows
 10646 | D:7      | Reached skill level 5 in Throwing
 10646 | D:7      | Reached skill level 5 in Stealth
 10646 | D:7      | Reached skill level 5 in Unarmed Combat
 10646 | D:7      | Reached skill level 5 in Spellcasting
 10841 | D:7      | Found a glowing golden altar of the Shining One.
 10842 | D:7      | Found a glowing silver altar of Zin.
 10844 | D:7      | Found a white marble altar of Elyvilon.
 10992 | D:8      | Found a sparkling altar of Nemelex Xobeh.
 11781 | D:9      | Reached * piety under Okawaru
 12427 | D:9      | Upgraded the game from 0.27.1-16-g815e20cd7a to
                  | 0.27.1-33-g824d729ab1
 12892 | D:10     | Entered Level 10 of the Dungeon
 13485 | D:10     | Found a staircase to the Lair.
 13485 | D:10     | Noticed an elephant
 13523 | D:10     | Killed an elephant
 13523 | D:10     | Reached ** piety under Okawaru
 13546 | D:10     | Reached XP level 11. HP: 15/84 MP: 19/19
 13547 | D:10     | HP: 3/84 [yak (13)]
 14184 | D:10     | Reached skill level 9 in Short Blades
 14189 | D:10     | Learned a level 4 spell: Animate Dead
 14212 | D:10     | Found a runed translucent gate.
 14212 | D:10     | Found a runed translucent gate.
 14212 | D:10     | Found a runed translucent gate.
 14213 | D:10     | Noticed a white ugly thing
 14213 | D:10     | Noticed a cyan ugly thing
 14213 | D:10     | Noticed a purple ugly thing
 14213 | D:10     | Noticed a purple ugly thing
 14227 | D:10     | Noticed Erica
 14677 | D:10     | Reached skill level 5 in Conjurations
 14677 | D:10     | Reached skill level 5 in Hexes
 14677 | D:10     | Reached skill level 5 in Summonings
 14677 | D:10     | Reached skill level 5 in Necromancy
 14677 | D:10     | Reached skill level 5 in Translocations
 14677 | D:10     | Reached skill level 5 in Transmutations
 14677 | D:10     | Reached skill level 5 in Fire Magic
 14677 | D:10     | Reached skill level 5 in Ice Magic
 14677 | D:10     | Reached skill level 5 in Air Magic
 14677 | D:10     | Reached skill level 5 in Earth Magic
 14677 | D:10     | Reached skill level 5 in Poison Magic
 15018 | D:10     | Killed Erica
 15483 | D:10     | Reached *** piety under Okawaru
 15578 | D:10     | HP: 4/86 [poisoned by a kobold brigand (curare-tipped
                  | dart)]
 15581 | D:10     | HP: 1/86 [poisoned by a kobold brigand (curare-tipped
                  | dart)]
 16572 | D:10     | Noticed a brown ugly thing
 16610 | Lair:1   | Entered Level 1 of the Lair of Beasts
 16889 | Lair:1   | Reached **** piety under Okawaru
 17080 | Lair:1   | HP: 3/86 [yak (4)]
 17574 | Lair:1   | Reached XP level 12. HP: 84/93 MP: 22/22
 17621 | Lair:1   | Reached ***** piety under Okawaru
 18742 | Lair:1   | Got the Compendium of Icy Dark Rituals
 18747 | Lair:1   | Learned a level 3 spell: Vampiric Draining
 18865 | Lair:1   | Received a gift from Okawaru
 19615 | Lair:2   | Found a hole to the Spider Nest.
 20301 | Lair:2   | Learned a level 4 spell: Fulminant Prism
 20784 | Lair:3   | Received a gift from Okawaru
 20815 | Lair:3   | Found a runed translucent gate.
 20815 | Lair:3   | Found a runed translucent gate.
 20816 | Lair:3   | Found a runed translucent gate.
 20817 | Lair:3   | Noticed Luuwnalu's ghost (journeyman KoHu)
 20818 | Lair:3   | Noticed Yjeari's ghost (journeyman GrMo)
 20818 | Lair:3   | Noticed Deed's ghost (journeyman MiFi)
 20818 | Lair:3   | Noticed Kubamp's ghost (journeyman DEAE)
 20960 | Lair:3   | Noticed a catoblepas
 20996 | Lair:3   | Killed a catoblepas
 21094 | Lair:3   | Found a staircase to the Shoals.
 21111 | Lair:3   | Noticed a five-headed hydra
 21134 | Lair:3   | Killed a five-headed hydra
 21134 | Lair:3   | Received a gift from Okawaru
 21135 | Lair:3   | Reached skill level 10 in Short Blades
 21727 | Lair:3   | Noticed Urug
 21728 | Lair:3   | Noticed Rupert
 22072 | Lair:3   | Demolished by Rupert

Illustrated notes

Levels and vault maps discovered:
D:1:      moated_graveyard_arrival, layout_loops_ring, basic_ecumenical_altar,
          patterned_corridor
D:2:      layout_basic, grunt_decor_resistance, minmay_fractal_squares_5
D:3:      layout_loops_ring, fountainhead, uniq_crazy_yiuf_cottage, uniq_jessica
D:4:      layout_rooms, nicolae_ru_path_of_blood, uniq_natasha, uniq_sigmund,
          uniq_eustachio
D:5:      layout_basic, fedhas_bush_and_centaur_altar, lemuel_blue_sif_altar,
          minmay_temple_entry_from_below_a, serial_shops,
          nicolae_inconvenience_store, nicolae_shop_window_shopping, uniq_pikel,
          uniq_blork_the_orc
D:6:      layout_loops_cross, kennysheep_slug_shrine, sword_in_stone
D:7:      layout_loops_ring, good_gods_mini_temple,
          mainiacjoe_overflow_chevrons, grunt_ministairs_1, minmay_checkerbox
D:8:      layout_basic, mainiacjoe_overflow_paths
D:9:      layout_basic, serial_glass, glass_columns_a, glass_columns_b
D:10:     layout_roguey [special_room_kobold], david_lair_generic,
          ploomutoo_gammafunk_ghost_potion_laboratory, minmay_between,
          uniq_erica
Lair:1:   layout_layer_cave, serial_bayou_shore_b, serial_bayou_shore_a
Lair:2:   layout_chaotic_city, nicolae_spider_entry_tight_spaces
Lair:3:   layout_cave_pods, shoals_dummy_entry, gammafunk_ghost_cemetery,
          uniq_urug, uniq_rupert

Skill      XL: |  1  2  3  4  5  6  7  8  9 10 11 12 |
---------------+-------------------------------------+-----
Invocations    | 1 2 3 4 5 6 7 8 |  8.3
Long Blades    | 1 2 3 4 5 6 7 |  7.5
Maces & Flails | 1 2 3 4 5 6 7 |  7.5
Polearms       | 1 2 3 4 5 6 7 |  7.5
Staves         | 1 2 3 4 5 6 7 |  7.5
Slings         | 1 2 3 4 5 6 7 |  7.5
Bows           | 1 2 3 4 5 6 7 |  7.5
Crossbows      | 1 2 3 4 5 6 7 |  7.5
Throwing       | 1 2 3 4 5 6 7 |  7.5
Stealth        | 1 2 3 4 5 6 7 |  7.5
Unarmed Combat | 1 2 3 4 5 6 7 |  7.5
Spellcasting   | 1 2 3 4 5 6 7 |  7.5
Conjurations   | 1 2 3 4 5 6 |  6.3
Hexes          | 1 2 3 4 5 6 |  6.3
Summonings     | 1 2 3 4 5 6 |  6.3
Necromancy     | 1 2 3 4 5 6 |  6.3
Translocations | 1 2 3 4 5 6 |  6.3
Transmutations | 1 2 3 4 5 6 |  6.3
Fire Magic     | 1 2 3 4 5 6 |  6.3
Ice Magic      | 1 2 3 4 5 6 |  6.3
Air Magic      | 1 2 3 4 5 6 |  6.3
Earth Magic    | 1 2 3 4 5 6 |  6.3
Poison Magic   | 1 2 3 4 5 6 |  6.3
Axes           | 3 4 5 6 7 8 |  8.0
Armour         | 3 4 5 6 7 8 |  8.0
Dodging        | 3 4 5 6 7 8 |  8.0
Shields        | 3 4 5 6 7 8 |  8.0
Evocations     | 3 4 5 6 7 8 |  8.0
Fighting       | 5 6 7 8 |  8.9
Short Blades   | 7 8 9 10 | 10.0

Action                   |  1- 3 |  4- 6 |  7- 9 | 10-12 || total
-------------------------+-------+-------+-------+-------++-------
Melee: Short sword       |   175 |   170 |       |       ||   345
       Bite              |     8 |    11 |    29 |   121 ||   169
       Flail             |       |    19 |   133 |     6 ||   158
       Quarterstaff      |       |     4 |    55 |       ||    59
       Punch             |       |     1 |     4 |     3 ||     8
       Battleaxe         |       |       |    15 |       ||    15
       Whip              |       |       |    45 |       ||    45
       Trident           |       |       |     9 |   880 ||   889
Throw: Dart              |       |    10 |    31 |    18 ||    59
 Cast: Animate Dead      |       |       |       |     1 ||     1
       Fulminant Prism   |       |       |       |     1 ||     1
Invok: Heroism           |       |       |       |     1 ||     1
  Use: Potion            |     2 |     7 |     3 |     7 ||    19
       Scroll            |       |       |     8 |     6 ||    14
 Stab: Sleeping          |       |     3 |     5 |     6 ||    14
       Distracted        |       |       |       |     5 ||     5
       Petrified         |       |       |       |     7 ||     7
Armor: Leather armour    |    65 |    52 |    92 |   187 ||   396
       Skin              |    42 |    15 |       |       ||    57
Dodge: Dodged            |   123 |   100 |   187 |   485 ||   895
Block: Buckler           |       |       |       |   156 ||   156
